Cogmind - Beta 14 @@@ ROGUE MODE // 2024.10.07 @ 19:42:02 Player: Deo Result: Destroyed by G-34 Mercenary with Small Laser Performance ------------- Evolutions (1) 500 Regions Visited (2) 400 Robots Destroyed (29) 145 Value Destroyed (721) 721 Prototype IDs (0) 0 Alien Tech Used (0) 0 Bonus (0) 0 TOTAL SCORE: 1766 Bonus ------- None Cogmind --------- Core Integrity 0/400 Matter 226/300 Energy 100/100 System Corruption 6% Temperature Cool (6) Movement Core (350) Ox6 Location -9/Materials Parts ------- > --- POWER (1) -------- (None) > --- PROPULSION (2) --- (None) > --- UTILITY (4) ------ Large Storage Unit > --- WEAPON (2) ------- (None) > --- INVENTORY (15) --- Ion Engine Aluminum Leg Aluminum Leg Peak State ------------ > --- POWER ------------ Ion Engine > --- PROPULSION ------- Aluminum Leg Aluminum Leg > --- UTILITY ---------- Large Storage Unit Sensor Array Signal Interpreter Targeting Computer > --- WEAPON ----------- Assault Rifle Rocket Launcher > --- INVENTORY -------- Ion Engine Light Treads Light Treads Light Cannon [Rating: 10] Favorites ----------- Power Ion Engine Engine Ion Engine Propulsion Aluminum Leg Treads Light Treads Leg Aluminum Leg Utility Large Storage Unit Device Sensor Array Storage Large Storage Unit Processor Visual Processing Unit Protection Hardened Light Armor Plating Weapon Light Cannon Energy Gun EM Pulse Gun Ballistic Gun Assault Rifle Ballistic Cannon Light Cannon Launcher Rocket Launcher Build | -11 -10 -9 ------- Run | Yrd Mat Mat Slots Evolved 2 | . . 2 Power . | . . . Propulsion . | . . . Utility 2 | . . 2 Weapon . | . . . Parts Attached 32 | 6 13 13 Power 2 | 1 . 1 Engine 2 | 1 . 1 Core . | . . . Reactor . | . . . Propulsion 8 | 2 4 2 Treads 4 | . 2 2 Leg 4 | 2 2 . Wheel . | . . . Hover . | . . . Flight . | . . . Utility 10 | 1 5 4 Device 1 | . . 1 Storage 5 | 1 4 . Processor 3 | . 1 2 Hackware . | . . . Protection 1 | . . 1 Artifact . | . . . Weapon 12 | 2 4 6 Energy Gun 2 | 1 . 1 Energy Cannon . | . . . Ballistic Gun 5 | 1 2 2 Ballistic Cannon 3 | . 1 2 Launcher 2 | . 1 1 Special Weapon . | . . . Impact Weapon . | . . . Slashing Weapon . | . . . Piercing Weapon . | . . . Special Melee Weapon . | . . . Unidentified Prototypes . | . . . Parts Lost 16 | . 1 15 Power 2 | . . 2 Propulsion 4 | . . 4 Utility 4 | . . 4 Weapon 6 | . 1 5 Highest Loss Streak 9 | . 1 9 To Critical Strikes . | . . . Average Slot Usage (%) 92 | . 96 77 Engine 12 | . 14 8 Treads 4 | . 1 13 Leg 20 | . 26 3 Storage 13 | . 14 11 Processor 13 | . 11 19 Energy Gun 1 | . 1 3 Ballistic Gun 11 | . 12 7 Ballistic Cannon 10 | . 12 5 Launcher 1 | . 1 1 Peak Build Rating 10 | 6 9 10 Average Rating 7 | 4 8 7 On Entrance 4 | . 6 6 Naked Turns . | . . . Heaviest Build 90 | 14 90 32 Greatest Support 40 | 20 40 40 Greatest Overweight (x) 7 | . 4 7 Average Overweight (x) . | . 1 . Largest Inventory Capacity 25 | 8 25 15 Average Capacity 15 | 6 15 15 Most Carried 12 | 3 12 6 Average Carried 5 | 1 6 2 Final Capacity 15 | 8 15 15 Final Carried 7 | 2 7 3 Class Distribution -------------------- 100% | Mutant Dominant Class ---------------- Mutant | -10/Materials Mutant | -9/Materials Resources | -11 -10 -9 ----------- Run | Yrd Mat Mat Matter Collected 928 | 214 331 383 Remotely . | . . . Salvage Created 721 | . 349 372 Parts 49 | . 23 26 Haulers Intercepted . | . . . Recyclers Shooed . | . . . Parts Field Recycled . | . . . Retrieved Matter . | . . . Parts Self-Destructed . | . . . Prevented . | . . . Kills | -11 -10 -9 ------- Run | Yrd Mat Mat Combat Hostiles Destroyed 21 | . 8 13 Guns 5 | . 1 4 Cannons 13 | . 4 9 AOE 3 | . 3 . Classes Destroyed 8 | . 5 3 Worker 1 | . 1 . Builder 1 | . 1 . Recycler 2 | . 1 1 Watcher 4 | . 3 1 Swarmer 7 | . . 7 Grunt 11 | . 8 3 Brawler 1 | . . 1 Sentry 2 | . . 2 Best Kill Streak 4 | . 3 4 Combat Bots Only 4 | . 2 4 Max Kills in Single Turn 2 | . 2 1 Gunslinging . | . . . Exploded 1 | . 1 . Melee . | . . . Uniques/NPCs Destroyed . | . . . Combat | -11 -10 -9 -------- Run | Yrd Mat Mat Hostile Shots Fired 217 | . 57 160 Missed 54 | . 20 34 Damage Taken 2035 | . 459 1576 Core 511 | . 110 401 Absorbed by Shields . | . . . Regen/Repaired (Parts) 61 | . 61 . Core Remaining (%) 78 | 100 56 . Volleys Fired 94 | . 44 50 Largest 2 | . 2 2 Hottest 75 | . 73 75 Shots Fired 159 | . 76 83 Gun 99 | . 44 55 Cannon 47 | . 25 22 Launcher 13 | . 7 6 Special . | . . . Kinetic 113 | . 55 58 Thermal 19 | . . 19 Explosive 13 | . 7 6 Electromagnetic 14 | . 14 . Robot Hit Streak 8 | . 3 8 Robot Miss Streak 5 | . 4 5 Penetration Max . | . . . Secondary Targets . | . . . Shots Hit Robots 84 | . 35 49 Core Hits 50 | . 23 27 Critical Kills . | . . . Critical Parts Destroyed 1 | . . 1 Critical Strikes 3 | . 1 2 Destroy 1 | . . 1 Blast 2 | . 1 1 Melee Attacks . | . . . Impact . | . . . Slashing . | . . . Piercing . | . . . Sneak Attacks . | . . . Combat Hostiles . | . . . Follow-up Attacks . | . . . Damage Inflicted 1531 | . 826 705 Guns 613 | . 241 372 Cannons 515 | . 277 238 Explosions 371 | . 294 77 Melee . | . . . Ramming 32 | . 14 18 Kinetic 901 | . 411 490 Thermal 120 | . . 120 Explosive 371 | . 294 77 Electromagnetic 107 | . 107 . Impact . | . . . Slashing . | . . . Piercing . | . . . Highest Corruption 6 | . . 6 Average Corruption 5 | . . 5 Corruption Purged . | . . . Corruption Blocked . | . . . Effects 2 | . . 2 Matter Fused 1 | . . 1 Heat Flow Errors 1 | . . 1 Overload Shots . | . . . Overflow Damage . | . . . Projectiles . | . . . Explosions . | . . . Melee . | . . . Knockbacks 3 | . 1 2 Impact . | . . . Kinetic 3 | . 1 2 Secondary . | . . . Self-Inflicted Damage . | . . . Shots . | . . . Rammed 11 | . . 11 Targets Rammed 13 | . 1 12 Kicked 1 | . 1 . Crushed 1 | . . 1 Highest Temperature 514 | . 54 514 Average Temperature 136 | . 11 210 Received Heat Transfer 855 | . 279 576 Effects 15 | . . 15 Shutdowns 1 | . . 1 Energy Bleed 1 | . . 1 Interference 1 | . . 1 Matter Decay 3 | . . 3 Short Circuit 1 | . . 1 Damage (major) 7 | . . 7 Damage (core) 1 | . . 1 Siege Activations . | . . . Robots Corrupted . | . . . Combat Hostiles . | . . . Parts Fried . | . . . Impact Corruptions . | . . . Robots Melted . | . . . Combat Hostiles . | . . . Parts Melted 1 | . 1 . Heat Transferred 275 | . . 275 Parts Sabotaged . | . . . Parts Stolen . | . . . Parts Stripped . | . . . Power Chain Reactions . | . . . Alert | -11 -10 -9 ------- Run | Yrd Mat Mat Peak Influence 343 | . 160 343 Initial . | . . . Average 64 | . 39 150 Maximum Alert Level 1 | . . 1 Low Security (%) 93 | 100 100 70 Level 1 6 | . . 29 Level 2 . | . . . Level 3 . | . . . Level 4 . | . . . Level 5 . | . . . High Security . | . . . Max Security . | . . . Squads Dispatched . | . . . Investigation . | . . . Extermination . | . . . Reinforcement . | . . . Assault . | . . . Garrison . | . . . Intercept . | . . . Searches Triggered . | . . . Construction Impeded . | . . . Haulers Reinforced . | . . . Active Scanning Responses . | . . . Cargo Convoy Interrupts . | . . . Stealth | -11 -10 -9 --------- Run | Yrd Mat Mat Distress Signals 2 | . 1 1 Communications Jammed . | . . . Distress Signals . | . . . Times Spotted 37 | . 17 20 Peak Tracking Total 5 | . 4 5 Tactical Retreats 1 | . 1 . Traps | -11 -10 -9 ------- Run | Yrd Mat Mat Traps Triggered . | . . . Indirectly . | . . . Trap Hack Attempts . | . . . Triggered . | . . . Disarmed . | . . . Reprogrammed . | . . . Reused . | . . . Traps Extracted . | . . . Installed . | . . . Triggered . | . . . Machines | -11 -10 -9 ---------- Run | Yrd Mat Mat Machines Disabled 3 | . . 3 Max in Single Turn 1 | . . 1 Machines Repaired . | . . . Machines Dismantled . | . . . Machines Sabotaged . | . . . Overloaded Fab Kills . | . . . Hacking | -11 -10 -9 --------- Run | Yrd Mat Mat Machines Accessed 3 | . 2 1 Terminals 1 | . 1 . Fabricators . | . . . Repair Stations 1 | . 1 . Recycling Units . | . . . Scanalyzers 1 | . . 1 Garrison Access . | . . . Total Hacks 6 | . 5 1 Successful 4 | . 4 . Failed 2 | . 1 1 Catastrophic . | . . . Database Lockouts . | . . . Manual . | . . . Terminals 1 | . 1 . Fabricators . | . . . Repair Stations 4 | . 4 . Recycling Units . | . . . Scanalyzers 1 | . . 1 Garrison Access . | . . . Terminal Hacks 1 | . 1 . Alert Level 1 | . 1 . Fabricator Hacks . | . . . Repair Station Hacks 3 | . 3 . Scan Component 2 | . 2 . Repair 1 | . 1 . Recycling Unit Hacks . | . . . Scanalyzer . | . . . Garrison Access Hacks . | . . . Unauthorized Hacks . | . . . Terminals . | . . . Fabricators . | . . . Repair Stations . | . . . Recycling Units . | . . . Scanalyzers . | . . . Garrison Access . | . . . Data Cores Recovered . | . . . Used . | . . . Hacking Detections 1 | . 1 . Full Trace Events . | . . . Feedback Events . | . . . Feedback Blocked . | . . . Robot Schematics Acquired . | . . . Robots Built . | . . . Authchips . | . . . Time . | . . . Total Robot Build Rating . | . . . Part Schematics Acquired . | . . . Parts Built . | . . . Authchips . | . . . Time . | . . . Total Part Build Rating . | . . . Parts Repaired 1 | . 1 . Time 26 | . 26 . Parts Recycled . | . . . Recycled Matter . | . . . Retrieved Matter . | . . . Retrieved Components . | . . . Parts Scanalyzed . | . . . Part Schematics Acquired . | . . . Parts Damaged . | . . . Bothacking | -11 -10 -9 ------------ Run | Yrd Mat Mat Used RIF Installer . | . . . Robots Hacked . | . . . Non-combat . | . . . Combat . | . . . Robot Hacks Applied . | . . . Relay Couplers Released . | . . . Fabnet Peak Effective % . | . . . Robots Rewired . | . . . Allies Hacked . | . . . Hacks Repelled . | . . . Allies | -11 -10 -9 -------- Run | Yrd Mat Mat Total Allies . | . . . Largest Group . | . . . Highest-Rated Group . | . . . Highest-Rated Ally . | . . . Total Orders . | . . . Ally Attacks . | . . . Total Damage . | . . . Kills . | . . . Allies Corrupted . | . . . Allies Melted . | . . . Intel | -11 -10 -9 ------- Run | Yrd Mat Mat Robot Analysis Total . | . . . Derelict Logs Recovered . | . . . Drone Launches . | . . . Drone Recoveries . | . . . Exploration | -11 -10 -9 ------------- Run | Yrd Mat Mat Turns Passed 2490 | 73 1835 582 Spaces Moved 1086 | 53 823 210 Core 26 | 6 . 20 Treads 199 | . 39 160 Legs 861 | 47 784 30 Wheels . | . . . Hover . | . . . Flight . | . . . Fastest Speed 50 | 50 120 160 Average Speed 191 | 112 197 189 Slowest Speed 400 | 120 400 400 Overloaded Moves . | . . . Propulsion Burnouts . | . . . Robots Hopped . | . . . Cave-ins Triggered . | . . . Exploration Rate (%) 38 | 4 93 19 Regions Visited 2 Branch Regions . Pre-discovered Areas . | . . . Known Exits Taken . | . . . Unknown Exits Taken 2 | 1 1 . Scrap Searched . | . . . Spaces Dug . | . . . Terrain Destroyed 96 | . 52 44 Melee . | . . . Projectile 1 | . . 1 AOE 95 | . 52 43 Terrain Rammed . | . . . Walls Destroyed . | . . . Machines Disabled . | . . . Actions | -11 -10 -9 --------- Run | Yrd Mat Mat Total 1326 | 66 961 299 Wait 57 | . 52 5 Move 1084 | 52 822 210 Hop . | . . . Pick Up 27 | 8 13 6 Fast Attach . | . . . Attach 32 | 6 13 13 Detach 14 | . 11 3 Swap . | . . . Drop 5 | . 5 . Fire 94 | . 44 50 Melee . | . . . Ram 6 | . . 6 Kick 1 | . 1 . Crush 6 | . . 6 Escape Stasis . | . . . Rewire . | . . . Trap . | . . . Miscellaneous . | . . . Route ------- -11/Scrapyard -10/Materials (discovered 4 exits: *Mat x3 / [*Min]) -9/Materials (discovered 1 exit: [*Mat]) History --------- Turn | Location | Event 20 | -11/Scrapyard | Discovered new exit (range 16) 74 | -11/Scrapyard | Entered Materials 322 | -10/Materials | Build established: Mutant 334 | -10/Materials | Discovered new exit (range 8) 533 | -10/Materials | Discovered new exit (range 17) 880 | -10/Materials | Discovered new exit (range 18) 1234 | -10/Materials | Repaired Assault Rifle? 1648 | -10/Materials | Discovered new exit (range 14) 1909 | -10/Materials | Entered another Materials area 1909 | -9/Materials | Evolved 2 slots: Utility x2 2032 | -9/Materials | Lost 6 parts (1p2n1u2w) 2382 | -9/Materials | Discovered new exit (range 16) 2452 | -9/Materials | Core integrity fell below 50% 2482 | -9/Materials | Core integrity fell below 20% 2491 | -9/Materials | Destroyed by G-34 Mercenary with Small Laser Last Messages --------------- 02457_ Overheating: Lrg. Storage Unit damaged (-70). 02457_ Overheating: Sml. Laser damaged (-4). 02457_ Sml. Laser destroyed. 02457_ Lgt. Assault Rifle destroyed. 02461_ Acquired 54 matter. 02462_ Overheating: Lgt. Treads damaged (-1). 02466_ M-13 Machinist repairs G-34 Mercenary. 02467_ Broken Ion Engine destroyed. 02468_ Slammed into G-34 Mercenary. 02469_ Lgt. Treads destroyed. 02471_ Slammed into G-34 Mercenary. 02473_ M-13 Machinist repairs G-34 Mercenary. 02475_ Slammed into G-34 Mercenary. 02475_ M-13 Machinist fits Backup Propulsion I on G-34 Mercenary. 02479_ Hrd. Light Armor Plating destroyed. 02480_ Slammed into G-34 Mercenary. 02484_ System corrupted: Matter fused (-5). 02487_ Slammed into G-34 Mercenary. Map ----- +----------------------------------------------------+ | ????????????????????????????????????????????? | | ????????????????????????????????????????????? | | ????????????????????????????????????????????? | | ????????????????????????????????????????????? | | ????????????????????????????????????????????? | | ????????????????????????????????????????????? | | ????????????????????????????????????????????? | | ????????????????????????????????????######### | | ??????????????????????????#######???# | | ??????????????????????????? """ ???# """ | | ??????????????????????????? "T" # """ | | ???????????????????????????? """?# """ | | ???????????????????????????? """?# | | ????????????????????????????? ""??# "" | | ????????????????????????????? ??# """ | | ?????????????????????????????? ???# S" | | ?????????????????????????????? ???# | | ?????????????######+###########+######+###### | | ?????????????# [ ! % | | ?????????????# < = ### | | ?????????????# = #?? | | ?????????????#####=! ##########+########+#### | | ?????????????????# /#?????????? ?# | | ?????????????????# g #???????????? # | | ?????????????????# m #?????????????# | | ?????????????????# @#?????????????# | | ?????????????????# g#?????????????# | | ?????????????????# #?????????????# """ """ | | ????????????????# ?????????????# """ """ | | ????????????????# ????????????# """ """ | | ????????????????+ T ???????????########## | | ????????????????# ???????????????????? | | ????????????????#= ####??????????????????? | | ????????????????#######?????????????????????? | | ????????????????????????????????????????????? | | ????????????????????????????????????????????? | | ????????????????????????????????????????????? | | ????????????????????????????????????????????? | | ????????????????????????????????????????????? | | ????????????????????????????????????????????? | | ????????????????????????????????????????????? | | ????????????????????????????????????????????? | | ????????????????????????????????????????????? | | ????????????????????????????????????????????? | | ????????????????????????????????????????????? | | ????????????????????????????????????????????? | | ????????????????????????????????????????????? | | ????????????????????????????????????????????? | | ????????????????????????????????????????????? | | ????????????????????????????????????????????? | +----------------------------------------------------+ Best States ------------- Heat Dissipation 28 Energy Generation 10 Energy Capacity 250 Matter Stores 300 Matter Capacity 300 Sight Range 18 Robot Scan Range 14 Terrain Scan Density 10 Armor Coverage 150 Evasion (%) 55 Targeting Accuracy 5 Recoil Reduction 2 Item Schematics ----------------- None Robot Schematics ------------------ None Fabricated ------------ Nothing Alien Tech Used ----------------- None Achievements -------------- None Challenges ------------ None Game ------ Seed GammaConcussiveDevice Manual? 0 Play Time 00:12:39 Cumulative 4.2 hours Start 2024.10.07 @ 19:27:39 End 2024.10.07 @ 19:42:02 Sessions 1 Manual Loads 0 Difficulty Rogue Special Mode None Game No. 8 Rogue 8 Adventurer 0 Explorer 0 Win Type - Total 0 Types 0/0/0/0/0/0/0/0/0 Lore% 6 Gallery% 8 Achievement% 9 Wizard Run 0 Options --------- Layout 1 ASCII 0 Keyboard 0 Movement Arrows Keybinds 0 Fullscreen 0 Font 20/SmallcapsGlow Map View 50x35 Zoom Use 0% Tactical HUD 1 Map Filters NONE Filters NONE Steam 1 RUN: c7f467a7-c582-49f6-84b5-795eab188bf3